[Event "POL-chT 1 Liga 2019"]
[Site "Dzwirzyno"]
[Date "2019.09.07"]
[Round "1.29"]
[White "Kokoszczynski, Jan"]
[Black "Kelm, Robert"]
[Result "1-0"]
[ECO "D27"]
[WhiteElo "2289"]
[BlackElo "1585"]
[Annotator "ChessBase"]
[PlyCount "63"]
[EventDate "2019.09.07"]
[EventType "team-tourn"]
[EventCountry "POL"]
[SourceTitle "playchess.com"]
[Source "ChessBase"]
[SourceQuality "1"]
[TimeControl "40/5400+30:1800+30"]

1. d4 d5 2. c4 dxc4 3. Nf3 Nf6 4. e3 e6 5. Bxc4 c5 6. O-O a6 7. a4 Nbd7 8. Nc3 Be7 9. Qe2 cxd4 10. exd4 Nb6 11. Bb3 O-O 12. Re1 h6 13. Bf4 Nbd5 14. Be5 Bb4 15. Qd3 Ba5 16. Nd2 Nxc3 17. bxc3 Bc7 18. f4 Bd7 19. Bc2 g6 20. Re3 Kh7 21. Rg3 Rg8 22. Rf1 Rc8 23. Nf3 Rg7 24. Rh3 h5 25. Bxf6 Qxf6 26. Ne5 Be8 27. Rxh5+ Kg8 28. Rh6 b5 29. Qh3 Kf8 30. Ng4 Qd8 31. Rh8+ Ke7 32. Qh6 1-0

[Event "POL-chT 1 Liga 2019"]
[Site "Dzwirzyno"]
[Date "2019.09.07"]
[Round "1.30"]
[White "Miturova, Magdalena"]
[Black "Moscicka, Pola"]
[Result "0-1"]
[ECO "B34"]
[WhiteElo "2219"]
[BlackElo "1994"]
[Annotator "ChessBase"]
[PlyCount "78"]
[EventDate "2019.09.07"]
[EventType "team-tourn"]
[EventCountry "POL"]
[SourceTitle "playchess.com"]
[Source "ChessBase"]
[SourceQuality "1"]
[TimeControl "40/5400+30:1800+30"]

1. e4 c5 2. Nf3 Nc6 3. d4 cxd4 4. Nxd4 Nf6 5. Nc3 e5 6. Ndb5 d6 7. Bg5 a6 8. Bxf6 gxf6 9. Na3 b5 10. Nd5 Bg7 11. Bd3 Ne7 12. Nxe7 Qxe7 13. c3 O-O 14. Nc2 f5 15. exf5 e4 16. Be2 Bxf5 17. Qd5 Bg6 18. h4 Rac8 19. Rd1 Rfd8 20. h5 Rc5 21. hxg6 Rxd5 22. gxh7+ Kh8 23. Rxd5 Rc8 24. a4 bxa4 25. Bxa6 Rc5 26. Rxc5 dxc5 27. Bc4 Qg5 28. Ne3 a3 29. bxa3 Bxc3+ 30. Kf1 Qf4 31. Rh5 Bd4 32. Rf5 Qb8 33. Kg1 Bxe3 34. fxe3 Qg3 35. Rxf7 Qxe3+ 36. Kh2 Qh6+ 37. Kg3 Qd6+ 38. Kg4 e3 39. Kf3 Qd1+ 0-1